[Event "FIDE WYCC Open U14 2023"]
[Site "Montesilvano"]
[Date "2023.11.23"]
[Round "10.3"]
[White "Agasarov, Benik"]
[Black "Bharadia Yash"]
[Result "1/2-1/2"]
[ECO "E17"]
[WhiteElo "2360"]
[BlackElo "2071"]
[Annotator "RC"]
[PlyCount "118"]
[EventDate "2023.11.13"]
[EventType "swiss"]
[EventCountry "ITA"]
[SourceTitle "playchess.com"]
[Source "ChessBase"]
[SourceQuality "1"]
[TimeControl "40/5400+30:1800+30"]

1. d4 Nf6 2. c4 e6 3. Nf3 b6 4. g3 Bb7 5. Bg2 Be7 6. O-O O-O 7. Re1 Na6 8. Nc3 Ne4 9. h4 c5 10. d5 Nxc3 11. bxc3 d6 12. Ng5 e5 13. Qd3 Bxg5 14. hxg5 f5 15. gxf6 Qxf6 16. Be3 Bc8 17. Be4 Bf5 18. a4 Nb8 19. a5 Nd7 20. Reb1 g6 21. Kg2 Bxe4+ 22. Qxe4 Qf5 23. Qh4 Qf7 24. Rb2 Rab8 25. axb6 Nxb6 26. Rba2 Rb7 27. f3 e4 28. Qxe4 Re8 29. Qd3 Nxc4 30. Bf4 Nb2 31. Qc2 Nc4 32. e4 g5 33. Bc1 g4 34. f4 Rbe7 35. Qe2 Rxe4 36. Qxg4+ Kh8 37. Rxa7 R4e7 38. Rxe7 Qxd5+ 39. Qf3 Qxf3+ 40. Kxf3 Rxe7 41. f5 Re1 42. Ra8+ Kg7 43. Bf4 h5 44. Kf2 Re7 45. Bg5 Rf7 46. f6+ Kg6 47. Rg8+ Kf5 48. Bh4 Ne5 49. Ke2 Ng4 50. Rg5+ Ke6 51. Rxh5 Nxf6 52. Rh6 Kf5 53. Bxf6 Rxf6 54. g4+ Kg5 55. Rxf6 Kxf6 56. c4 d5 57. cxd5 Ke5 58. Kd3 Kxd5 59. g5 Ke5 1/2-1/2

[Event "FIDE WYCC Open U14 2023"]
[Site "Montesilvano"]
[Date "2023.11.23"]
[Round "10.4"]
[White "Daaevik Wadhawan"]
[Black "Perossa, Nicolas"]
[Result "0-1"]
[ECO "C02"]
[WhiteElo "1810"]
[BlackElo "2330"]
[Annotator "RC"]
[PlyCount "124"]
[EventDate "2023.11.13"]
[EventType "swiss"]
[EventCountry "ITA"]
[SourceTitle "playchess.com"]
[Source "ChessBase"]
[SourceQuality "1"]
[TimeControl "40/5400+30:1800+30"]

1. e4 e6 2. d4 d5 3. e5 c5 4. c3 Qb6 5. Nf3 Nc6 6. a3 Nh6 7. Bd3 cxd4 8. cxd4 Nf5 9. Bxf5 exf5 10. Nc3 Be6 11. O-O Be7 12. b4 Rc8 13. Be3 Qd8 14. Qd2 h6 15. Ne1 Nxb4 16. axb4 Bxb4 17. Rxa7 Bxc3 18. Qa2 O-O 19. Rxb7 Qh4 20. Nf3 Qe4 21. Bd2 Bxd2 22. Qxd2 Rc2 23. Qb4 Qe2 24. Qb5 Rc4 25. Rb8 Rxb8 26. Qxb8+ Rc8 27. Qb1 Rc2 28. Qd1 Qc4 29. h3 g5 30. Qa1 g4 31. hxg4 fxg4 32. Nh4 Rd2 33. Rd1 Ra2 34. Qb1 Qe2 35. Rf1 Rb2 36. Qa1 Kg7 37. Qa3 Qd2 38. Qa7 Ra2 39. Qb6 Ra4 40. g3 Qxd4 41. Nf5+ Bxf5 42. Qf6+ Kg8 43. Qxf5 Qb6 44. Qd7 Rd4 45. Rc1 Qg6 46. Qa7 Rd3 47. Qe7 Qe6 48. Qd8+ Kg7 49. Rc8 Kg6 50. Qg8+ Kh5 51. Qd8 Rd4 52. Qh4+ Kg6 53. Qd8 Qf5 54. Qg8+ Kh5 55. Rc1 Rd2 56. Rf1 Re2 57. Qg7 Rxe5 58. Rd1 d4 59. f3 gxf3 60. Qh8 f2+ 61. Kh2 Re1 62. Rxd4 Rh1+ 0-1

[Event "FIDE WYCC Open U14 2023"]
[Site "Montesilvano"]
[Date "2023.11.23"]
[Round "10.5"]
[White "Cieslak, Patryk"]
[Black "Katsanis, Vasileios Dim"]
[Result "1-0"]
[ECO "B12"]
[WhiteElo "2284"]
[BlackElo "2173"]
[Annotator "RC"]
[PlyCount "69"]
[EventDate "2023.11.13"]
[EventType "swiss"]
[EventCountry "ITA"]
[SourceTitle "playchess.com"]
[Source "ChessBase"]
[SourceQuality "1"]
[TimeControl "40/5400+30:1800+30"]

1. e4 c6 2. d4 d5 3. e5 Bf5 4. Nf3 e6 5. Be2 Nd7 6. O-O Be7 7. a4 h5 8. a5 a6 9. c4 dxc4 10. Nbd2 Nh6 11. Nxc4 h4 12. Bd2 h3 13. g3 Bg4 14. Bc3 Nf5 15. Nfd2 Bxe2 16. Qxe2 b5 17. axb6 Nxb6 18. Nxb6 Qxb6 19. Qe4 O-O 20. Nf3 c5 21. dxc5 Qxc5 22. g4 Nh4 23. Nxh4 Bxh4 24. Bb4 Qb5 25. Bxf8 Rxf8 26. Ra3 Qxb2 27. Rxh3 g5 28. Rf3 Rd8 29. Rb1 Qd2 30. Rb7 Rd7 31. Rxd7 Qxd7 32. Qd3 Qc7 33. Qd6 Qa5 34. Qe7 Bxf2+ 35. Kg2 1-0

[Event "FIDE WYCC Open U14 2023"]
[Site "Montesilvano"]
[Date "2023.11.23"]
[Round "10.6"]
[White "Prokhorov, Aleksey"]
[Black "Dhruva Thota"]
[Result "1/2-1/2"]
[ECO "B23"]
[WhiteElo "1869"]
[BlackElo "2192"]
[Annotator "RC"]
[PlyCount "81"]
[EventDate "2023.11.13"]
[EventType "swiss"]
[EventCountry "ITA"]
[SourceTitle "playchess.com"]
[Source "ChessBase"]
[SourceQuality "1"]
[TimeControl "40/5400+30:1800+30"]

1. e4 c5 2. Nc3 g6 3. g3 d6 4. Bg2 Nc6 5. f4 Bg7 6. Nf3 e6 7. O-O Nge7 8. d3 O-O 9. Be3 Rb8 10. a4 a6 11. Qd2 b5 12. axb5 axb5 13. e5 Nf5 14. Bf2 dxe5 15. Bxc5 exf4 16. Bxf8 Bxf8 17. Qxf4 Bh6 18. Qe4 Bb7 19. Qe2 Ne3 20. Ne4 Nxf1 21. Rxf1 Nd4 22. Nxd4 Qxd4+ 23. Kh1 Bxe4 24. Qxe4 Qxe4 25. Bxe4 f5 26. Bg2 Bg7 27. Ra1 Bxb2 28. Ra8 Rxa8 29. Bxa8 Kg7 30. Kg2 Kf6 31. Kf3 Bd4 32. Bc6 b4 33. h3 Ke5 34. Bd7 Bc3 35. Bc8 Be1 36. Bd7 Kd5 37. Bc8 Bd2 38. Bd7 e5 39. g4 fxg4+ 40. Bxg4 Kd4 41. Be6 1/2-1/2

[Event "FIDE WYCC Open U14 2023"]
[Site "Montesilvano"]
[Date "2023.11.23"]
[Round "10.7"]
[White "Uskov, Artem"]
[Black "Warchol, Kamil"]
[Result "1-0"]
[ECO "A20"]
[WhiteElo "2380"]
[BlackElo "2095"]
[Annotator "ChessBase"]
[PlyCount "69"]
[EventDate "2023.11.13"]
[EventType "swiss"]
[EventCountry "ITA"]
[SourceTitle "playchess.com"]
[Source "ChessBase"]
[SourceQuality "1"]
[TimeControl "40/5400+30:1800+30"]

1. c4 e5 2. g3 Nf6 3. Bg2 c6 4. Nf3 e4 5. Nd4 Qb6 6. Nb3 a5 7. d3 a4 8. N3d2 Bc5 9. O-O exd3 10. exd3 O-O 11. Nc3 a3 12. Rb1 axb2 13. Bxb2 Qa7 14. Nb3 d6 15. Ne4 Nxe4 16. Bxe4 f5 17. Bg2 Nd7 18. a4 Nf6 19. a5 Bb4 20. a6 bxa6 21. Nd4 Bd7 22. Nxc6 Bxc6 23. Bxc6 Rab8 24. Qa4 Bc5 25. Bxf6 gxf6 26. Kg2 Rb6 27. Bd5+ Kh8 28. Rxb6 Bxb6 29. Rb1 Qc7 30. Qxa6 Rb8 31. Qa1 Kg7 32. Re1 Qc5 33. Re7+ Kg6 34. Bf7+ Kg7 35. Bh5+ 1-0

[Event "FIDE WYCC Open U14 2023"]
[Site "Montesilvano"]
[Date "2023.11.23"]
[Round "10.8"]
[White "Hobson, Kenneth"]
[Black "Arca, Christian Gian Karlo"]
[Result "1/2-1/2"]
[ECO "B10"]
[WhiteElo "2142"]
[BlackElo "2347"]
[Annotator "RC"]
[PlyCount "119"]
[EventDate "2023.11.13"]
[EventType "swiss"]
[EventCountry "ITA"]
[SourceTitle "playchess.com"]
[Source "ChessBase"]
[SourceQuality "1"]
[TimeControl "40/5400+30:1800+30"]

1. e4 c6 2. Nf3 d5 3. exd5 cxd5 4. Ne5 Nc6 5. d4 Nf6 6. Bb5 Bd7 7. Bxc6 Bxc6 8. O-O e6 9. Re1 Be7 10. c3 O-O 11. Bf4 Qb6 12. Qb3 Qa6 13. a4 Rfc8 14. Nd2 b6 15. h3 Be8 16. Bh2 Qb7 17. a5 b5 18. Nd3 a6 19. Qc2 Ne4 20. f3 Nxd2 21. Qxd2 b4 22. Nxb4 Bxb4 23. cxb4 Qe7 24. Rac1 Rc4 25. Rxc4 dxc4 26. d5 Qa7+ 27. Kh1 Rd8 28. d6 Bc6 29. Qg5 f6 30. Qc5 Qxc5 31. bxc5 e5 32. f4 e4 33. Bg1 Rb8 34. Bd4 Kf7 35. f5 Rb5 36. Rc1 Rb3 37. Rxc4 Rd3 38. Bc3 e3 39. d7 e2 40. Kh2 Ke7 41. Bb4 Rd1 42. Rg4 e1=Q 43. Bxe1 Rxe1 44. Rxg7+ Kd8 45. Rxh7 Re2 46. Rg7 Rxb2 47. Kg1 Rb1+ 48. Kh2 Rb2 49. Kg1 Rb1+ 50. Kh2 Rb2 51. Kg1 Rb1+ 52. Kh2 Bxd7 53. Rf7 Rf1 54. Rxf6 Rxf5 55. Rxf5 Bxf5 56. Kg3 Be4 57. Kf4 Bxg2 58. h4 Kd7 59. Ke5 Kc6 60. h5 1/2-1/2

[Event "FIDE WYCC Open U14 2023"]
[Site "Montesilvano"]
[Date "2023.11.23"]
[Round "10.9"]
[White "Daakshin Arun"]
[Black "Bolat, Inayat"]
[Result "1-0"]
[ECO "E48"]
[WhiteElo "2342"]
[BlackElo "2088"]
[Annotator "RC"]
[PlyCount "97"]
[EventDate "2023.11.13"]
[EventType "swiss"]
[EventCountry "ITA"]
[SourceTitle "playchess.com"]
[Source "ChessBase"]
[SourceQuality "1"]
[TimeControl "40/5400+30:1800+30"]

1. d4 Nf6 2. c4 e6 3. Nc3 Bb4 4. e3 O-O 5. Bd3 d5 6. cxd5 exd5 7. a3 Bd6 8. Qc2 c5 9. Nb5 c4 10. Nxd6 cxd3 11. Qxc8 Qxc8 12. Nxc8 Rxc8 13. Nh3 Ne4 14. Bd2 Rc2 15. Rc1 Nd7 16. Rxc2 dxc2 17. Ke2 Nb6 18. b3 Rc8 19. Rc1 f5 20. f3 Nxd2 21. Kxd2 h6 22. Nf4 g5 23. Nd3 Kg7 24. Rxc2 Rxc2+ 25. Kxc2 Nc8 26. Nc5 b6 27. Ne6+ Kf6 28. Nc7 Ne7 29. g4 f4 30. e4 dxe4 31. fxe4 Ng6 32. Kd3 Nh4 33. e5+ Ke7 34. Ke4 Ng2 35. Nd5+ Kf7 36. Nf6 Ne1 37. Kd5 f3 38. Ne4 Ke7 39. Nf2 Nc2 40. Ke4 Nxa3 41. Kxf3 a5 42. Ke4 Nc2 43. Nd3 Na1 44. Nc1 b5 45. d5 a4 46. bxa4 bxa4 47. Kd3 a3 48. Kc3 Kd7 49. Nb3 1-0

[Event "FIDE WYCC Open U14 2023"]
[Site "Montesilvano"]
[Date "2023.11.23"]
[Round "10.10"]
[White "Kuziev, Miraziz"]
[Black "Dotzer, Lukas"]
[Result "1/2-1/2"]
[ECO "E46"]
[WhiteElo "2053"]
[BlackElo "2339"]
[Annotator "RC"]
[PlyCount "60"]
[EventDate "2023.11.13"]
[EventType "swiss"]
[EventCountry "ITA"]
[SourceTitle "playchess.com"]
[Source "ChessBase"]
[SourceQuality "1"]
[TimeControl "40/5400+30:1800+30"]

1. d4 Nf6 2. c4 e6 3. Nc3 Bb4 4. e3 O-O 5. Bd2 d5 6. Nf3 b6 7. cxd5 exd5 8. Rc1 Be7 9. Ne5 c5 10. Bd3 Bb7 11. O-O Nc6 12. Be1 Nxe5 13. dxe5 Ne4 14. f3 Ng5 15. Bf2 Rc8 16. f4 d4 17. exd4 cxd4 18. Bf5 dxc3 19. Bxc8 Bxc8 20. fxg5 cxb2 21. Rb1 Qxd1 22. Rfxd1 Ba3 23. Bd4 Bf5 24. Rxb2 Bxb2 25. Bxb2 Rc8 26. Rd2 h6 27. gxh6 gxh6 28. Ba3 Rc2 29. Rxc2 Bxc2 30. Bd6 Kg7 1/2-1/2

[Event "FIDE WYCC Open U14 2023"]
[Site "Montesilvano"]
[Date "2023.11.23"]
[Round "10.11"]
[White "Coicev, Matei-Andrei"]
[Black "Kozlovic, Jernej"]
[Result "1/2-1/2"]
[ECO "C47"]
[WhiteElo "2006"]
[BlackElo "2263"]
[Annotator "RC"]
[PlyCount "106"]
[EventDate "2023.11.13"]
[EventType "swiss"]
[EventCountry "ITA"]
[SourceTitle "playchess.com"]
[Source "ChessBase"]
[SourceQuality "1"]
[TimeControl "40/5400+30:1800+30"]

1. e4 e5 2. Nf3 Nc6 3. Nc3 Nf6 4. d4 exd4 5. Nxd4 Bb4 6. Nxc6 bxc6 7. Bd3 d5 8. Bd2 Bxc3 9. Bxc3 dxe4 10. Bxf6 Qxf6 11. Bxe4 Ba6 12. Bd3 Bxd3 13. cxd3 Qxb2 14. O-O O-O 15. Qf3 Rad8 16. Qxc6 Rxd3 17. Qxc7 Rfd8 18. h3 R3d7 19. Qa5 Qd2 20. Qa6 Qd3 21. Qa5 Qd5 22. Qa6 Qe6 23. Qa5 Qd5 24. Qa6 Qd3 25. Qa5 Qd2 26. Qa6 Re8 27. Qa4 Qd4 28. Qb3 Red8 29. Rae1 g6 30. Re3 Qd5 31. Rfe1 Qxb3 32. axb3 Kf8 33. Ra1 Rb8 34. Kf1 Rb6 35. Rc3 Ke7 36. Ke2 Rbd6 37. Ra2 Kd8 38. g3 a6 39. Rac2 h5 40. h4 Re7+ 41. Re3 Red7 42. Rec3 Ke7 43. Re3+ Kf6 44. Rf3+ Ke6 45. Re3+ Kf5 46. Kf3 f6 47. Rc5+ Rd5 48. Rec3 g5 49. hxg5 fxg5 50. Rxd5+ Rxd5 51. b4 g4+ 52. Kg2 Rb5 53. Rc6 Rxb4 1/2-1/2

[Event "FIDE WYCC Open U14 2023"]
[Site "Montesilvano"]
[Date "2023.11.23"]
[Round "10.12"]
[White "Davudov, Tunar"]
[Black "Ljepic, Andrej"]
[Result "1/2-1/2"]
[ECO "B32"]
[WhiteElo "2000"]
[BlackElo "2236"]
[Annotator "RC"]
[PlyCount "98"]
[EventDate "2023.11.13"]
[EventType "swiss"]
[EventCountry "ITA"]
[SourceTitle "playchess.com"]
[Source "ChessBase"]
[SourceQuality "1"]
[TimeControl "40/5400+30:1800+30"]

1. e4 c5 2. Nf3 Nc6 3. d4 cxd4 4. Nxd4 e5 5. Nb5 d6 6. N1c3 a6 7. Na3 Be6 8. Be3 Rb8 9. Nd5 b5 10. c4 b4 11. Nc2 Nf6 12. Nxf6+ Qxf6 13. Bd3 Qd8 14. Qd2 a5 15. b3 Be7 16. O-O O-O 17. a3 bxa3 18. Qc3 Bg5 19. Bxg5 Qxg5 20. Kh1 Rfc8 21. Rxa3 g6 22. Be2 Qe7 23. Rd1 Qa7 24. Kg1 Qc5 25. Raa1 Rb6 26. Qd3 Rd8 27. Rd2 Rd7 28. h3 f5 29. Bf3 Kg7 30. exf5 Bxf5 31. Qd5 Qxd5 32. cxd5 Ne7 33. Ne3 Rxb3 34. Rxa5 Bd3 35. g4 Kf6 36. Be2 Bxe2 37. Rxe2 Rd3 38. Rb2 Kg5 39. Kg2 Kf4 40. Rb4+ Rd4 41. Rab5 Rxb4 42. Rxb4+ e4 43. Ra4 h5 44. Ra8 hxg4 45. hxg4 Ke5 46. Ra4 Kf4 47. Ra8 Rc7 48. Ra4 Rc5 49. f3 Nxd5 1/2-1/2

[Event "FIDE WYCC Open U14 2023"]
[Site "Montesilvano"]
[Date "2023.11.23"]
[Round "10.13"]
[White "Rustamov, Rustam"]
[Black "Artemov, Andriy"]
[Result "1-0"]
[ECO "C65"]
[WhiteElo "2229"]
[BlackElo "1779"]
[Annotator "ChessBase"]
[PlyCount "87"]
[EventDate "2023.11.13"]
[EventType "swiss"]
[EventCountry "ITA"]
[SourceTitle "playchess.com"]
[Source "ChessBase"]
[SourceQuality "1"]
[TimeControl "40/5400+30:1800+30"]

1. e4 e5 2. Nf3 Nc6 3. Bb5 Nf6 4. d3 Bc5 5. O-O Nd4 6. Nxd4 Bxd4 7. c3 Bb6 8. Bg5 c6 9. Ba4 O-O 10. Kh1 h6 11. Bh4 d6 12. Nd2 g5 13. Bg3 Qe7 14. Nc4 Bc7 15. Ne3 Be6 16. Qf3 Ne8 17. Bc2 Qf6 18. Qe2 Ng7 19. Rad1 h5 20. h3 Rfe8 21. d4 Rad8 22. d5 Bc8 23. b4 Qg6 24. dxc6 bxc6 25. Qc4 Bb7 26. Ba4 Qe6 27. Nd5 cxd5 28. Qxc7 Qe7 29. Qa5 dxe4 30. Bxe8 Rxe8 31. Kg1 f5 32. Bxe5 Qxe5 33. Qxe5 Rxe5 34. Rxd6 Bd5 35. Rd1 Bxa2 36. Ra6 Be6 37. Rxa7 f4 38. Ra5 Rxa5 39. bxa5 Bc4 40. Rd4 Ba6 41. Rd6 Bb5 42. a6 Ne8 43. a7 Nc7 44. Rb6 1-0

[Event "FIDE WYCC Open U14 2023"]
[Site "Montesilvano"]
[Date "2023.11.23"]
[Round "10.14"]
[White "Tregubenko, Nikolay"]
[Black "Tabuenca Mendataurigoitia, Daniel"]
[Result "0-1"]
[ECO "C41"]
[WhiteElo "2138"]
[BlackElo "2383"]
[Annotator "RC"]
[PlyCount "96"]
[EventDate "2023.11.13"]
[EventType "swiss"]
[EventCountry "ITA"]
[SourceTitle "playchess.com"]
[Source "ChessBase"]
[SourceQuality "1"]
[TimeControl "40/5400+30:1800+30"]

1. e4 e5 2. Nf3 d6 3. d4 exd4 4. Nxd4 Nf6 5. Nc3 Be7 6. Be2 O-O 7. O-O Re8 8. f4 Bf8 9. Bf3 c5 10. Nb3 Nc6 11. Kh1 a5 12. a4 Nb4 13. Be3 Bd7 14. Re1 Bc6 15. Bf2 b6 16. Qd2 Qd7 17. Nc1 Qb7 18. Qe2 Nxe4 19. Nxe4 d5 20. Nf6+ gxf6 21. Qd2 Rxe1+ 22. Bxe1 Re8 23. Bh4 d4 24. Qf2 Bg7 25. Bxc6 Qxc6 26. c3 dxc3 27. bxc3 f5 28. Ne2 Nd3 29. Qf1 c4 30. Bf2 Qe4 31. Ng3 Nxf2+ 32. Qxf2 Qe3 33. Qxe3 Rxe3 34. Nxf5 Rxc3 35. Re1 Kf8 36. Nd6 Bd4 37. g4 Bc5 38. Re8+ Kg7 39. Ne4 Re3 40. f5 h6 41. f6+ Kh7 42. g5 c3 43. g6+ Kxg6 44. Rg8+ Kf5 45. Nxc5 c2 46. Rg1 bxc5 47. Rc1 Re2 48. Kg1 Rd2 0-1

[Event "FIDE WYCC Open U14 2023"]
[Site "Montesilvano"]
[Date "2023.11.23"]
[Round "10.15"]
[White "Villa Tornero, Alex"]
[Black "kiladze, Luka"]
[Result "0-1"]
[ECO "B31"]
[WhiteElo "2383"]
[BlackElo "2145"]
[Annotator "RC"]
[PlyCount "81"]
[EventDate "2023.11.13"]
[EventType "swiss"]
[EventCountry "ITA"]
[SourceTitle "playchess.com"]
[Source "ChessBase"]
[SourceQuality "1"]
[TimeControl "40/5400+30:1800+30"]

1. e4 c5 2. Nf3 Nc6 3. Bb5 g6 4. O-O Bg7 5. Re1 Nf6 6. e5 Nd5 7. Nc3 Nc7 8. Bxc6 dxc6 9. h3 O-O 10. d3 b6 11. a4 a5 12. Be3 h6 13. d4 c4 14. d5 Nxd5 15. Nxd5 cxd5 16. Qd4 Bf5 17. Ra3 e6 18. Qd2 g5 19. Nxg5 hxg5 20. Bxg5 f6 21. exf6 Bxf6 22. Rg3 Kh8 23. Be3 d4 24. Bf4 Ra7 25. Be5 d3 26. cxd3 cxd3 27. Rg5 Bxe5 28. Rxe5 Qf6 29. f4 Bh7 30. g3 Rc7 31. Rh5 Qd8 32. Rxe6 Qd4+ 33. Kh1 Rc5 34. f5 Qd5+ 35. Kg1 Qd4+ 36. Kh1 Rc7 37. f6 Qc4 38. Re7 Rxe7 39. fxe7 Qe4+ 40. Kg1 Qd4+ 41. Kh1 0-1

[Event "FIDE WYCC Open U14 2023"]
[Site "Montesilvano"]
[Date "2023.11.23"]
[Round "10.16"]
[White "Goh, Zi Han"]
[Black "Tao, Sihan"]
[Result "1/2-1/2"]
[ECO "E06"]
[WhiteElo "2333"]
[BlackElo "2122"]
[Annotator "RC"]
[PlyCount "116"]
[EventDate "2023.11.13"]
[EventType "swiss"]
[EventCountry "ITA"]
[SourceTitle "playchess.com"]
[Source "ChessBase"]
[SourceQuality "1"]
[TimeControl "40/5400+30:1800+30"]

1. d4 Nf6 2. c4 e6 3. g3 d5 4. Nf3 Be7 5. Bg2 O-O 6. Nc3 dxc4 7. Ne5 Nc6 8. Bxc6 bxc6 9. Nxc6 Qe8 10. Nxe7+ Qxe7 11. Qa4 c5 12. dxc5 Qxc5 13. Be3 Qc7 14. f3 Nd5 15. Nxd5 exd5 16. Bd4 Qd7 17. Qxd7 Bxd7 18. Rd1 Be6 19. Kf2 f6 20. Bc3 Rab8 21. g4 h5 22. gxh5 Kf7 23. h6 gxh6 24. Rhg1 Rg8 25. Rg3 Rg6 26. Rd4 Rbg8 27. Rh4 a6 28. Bd2 Bf5 29. Rxg6 Bxg6 30. Bc3 h5 31. Rf4 f5 32. e4 dxe4 33. fxe4 Bh7 34. exf5 Rg4 35. Kf3 Rg5 36. f6 Rf5 37. Rxf5 Bxf5 38. Kf4 Bd7 39. Ke5 Bb5 40. h4 Bd7 41. Kd6 Bb5 42. Kd5 Ke8 43. Ke6 Bd7+ 44. Ke5 Kf7 45. Kd6 Bb5 46. Kd5 Ke8 47. Ke5 Kf7 48. Kf5 Bd7+ 49. Kf4 Bc8 50. Ke3 Bd7 51. Bd4 Be8 52. Kd2 Bd7 53. Kc3 Bb5 54. Kb4 Ke6 55. a4 Be8 56. Ka5 Kf7 57. Kxa6 Bxa4 58. Ka5 Bd1 1/2-1/2

[Event "FIDE WYCC Open U14 2023"]
[Site "Montesilvano"]
[Date "2023.11.23"]
[Round "10.17"]
[White "Lin, Leo"]
[Black "Lissillour, Baptiste"]
[Result "1-0"]
[ECO "B22"]
[WhiteElo "2097"]
[BlackElo "2298"]
[Annotator "RC"]
[PlyCount "47"]
[EventDate "2023.11.13"]
[EventType "swiss"]
[EventCountry "ITA"]
[SourceTitle "playchess.com"]
[Source "ChessBase"]
[SourceQuality "1"]
[TimeControl "40/5400+30:1800+30"]

1. e4 c5 2. c3 d5 3. exd5 Nf6 4. c4 e6 5. dxe6 Bxe6 6. Nf3 Qe7 7. Be2 Bxc4 8. d3 Be6 9. O-O Nc6 10. Nc3 Qc7 11. Nb5 Qd7 12. Bf4 Rc8 13. Ng5 Bf5 14. Bh5 Nxh5 15. Qxh5 Bg6 16. Qe2+ Kd8 17. Rad1 a6 18. d4 c4 19. d5 Nb4 20. Ne6+ fxe6 21. dxe6 Qd3 22. Qe5 Rc6 23. Rxd3+ cxd3 24. Bg5+ 1-0

[Event "FIDE WYCC Open U14 2023"]
[Site "Montesilvano"]
[Date "2023.11.23"]
[Round "10.18"]
[White "Vingris, Mikelis"]
[Black "Matyassy, Lazar"]
[Result "1/2-1/2"]
[ECO "B89"]
[WhiteElo "2127"]
[BlackElo "2281"]
[Annotator "RC"]
[PlyCount "73"]
[EventDate "2023.11.13"]
[EventType "swiss"]
[EventCountry "ITA"]
[SourceTitle "playchess.com"]
[Source "ChessBase"]
[SourceQuality "1"]
[TimeControl "40/5400+30:1800+30"]

1. e4 c5 2. Nf3 d6 3. d4 cxd4 4. Nxd4 Nf6 5. Nc3 Nc6 6. Bc4 e6 7. Be3 a6 8. Qe2 Bd7 9. O-O-O b5 10. Bb3 Na5 11. f3 Be7 12. g4 O-O 13. g5 Ne8 14. h4 Nc7 15. Rdg1 Qe8 16. f4 b4 17. Nb1 Nb5 18. g6 Nxb3+ 19. axb3 fxg6 20. h5 g5 21. Nxb5 Bxb5 22. Qg4 Bf6 23. e5 dxe5 24. fxg5 Bd8 25. Qxb4 Rf3 26. Bd2 Rc8 27. Nc3 Qc6 28. Re1 Bb6 29. h6 g6 30. Qg4 Bd4 31. Rh3 Rf2 32. Qe4 Qd7 33. Be3 Bc6 34. Qd3 Bb5 35. Qe4 Bc6 36. Qd3 Bb5 37. Qe4 1/2-1/2

[Event "FIDE WYCC Open U14 2023"]
[Site "Montesilvano"]
[Date "2023.11.23"]
[Round "10.19"]
[White "Averin, Nikolay"]
[Black "Medhus, Vitus Bondo"]
[Result "1/2-1/2"]
[ECO "C88"]
[WhiteElo "2270"]
[BlackElo "2108"]
[Annotator "RC"]
[PlyCount "83"]
[EventDate "2023.11.13"]
[EventType "swiss"]
[EventCountry "ITA"]
[SourceTitle "playchess.com"]
[Source "ChessBase"]
[SourceQuality "1"]
[TimeControl "40/5400+30:1800+30"]

1. e4 e5 2. Nf3 Nc6 3. Bb5 a6 4. Ba4 Nf6 5. O-O Be7 6. Re1 b5 7. Bb3 O-O 8. h3 Bb7 9. c3 d5 10. exd5 Nxd5 11. d3 Qd7 12. Bc2 Rad8 13. Nxe5 Nxe5 14. Rxe5 Bf6 15. Re1 c5 16. Nd2 Qc6 17. Ne4 Nxc3 18. Nxf6+ gxf6 19. Qg4+ Kh8 20. bxc3 Rg8 21. Qe4 Rde8 22. Bf4 Rxe4 23. dxe4 Qe6 24. Bg3 Rd8 25. e5 Re8 26. Re3 fxe5 27. Bxe5+ Qxe5 28. Rxe5 Rxe5 29. Kf1 h5 30. Rd1 Bd5 31. Bb3 c4 32. Bc2 a5 33. a3 Be6 34. Rd8+ Kg7 35. Ra8 b4 36. axb4 axb4 37. cxb4 Rb5 38. Ra4 h4 39. Ke2 Bd7 40. Ra7 Be6 41. Ra4 Bd7 42. Ra7 1/2-1/2

[Event "FIDE WYCC Open U14 2023"]
[Site "Montesilvano"]
[Date "2023.11.23"]
[Round "10.20"]
[White "Asikainen, Eeli"]
[Black "Dinh Nho Kiet"]
[Result "0-1"]
[ECO "B12"]
[WhiteElo "2081"]
[BlackElo "2253"]
[Annotator "RC"]
[PlyCount "58"]
[EventDate "2023.11.13"]
[EventType "swiss"]
[EventCountry "ITA"]
[SourceTitle "playchess.com"]
[Source "ChessBase"]
[SourceQuality "1"]
[TimeControl "40/5400+30:1800+30"]

1. e4 c6 2. d4 d5 3. e5 Bf5 4. h4 h5 5. Bd3 Bxd3 6. Qxd3 Qa5+ 7. Nd2 e6 8. Ngf3 Nh6 9. O-O Nf5 10. Nb3 Qa6 11. Qd1 Be7 12. g3 Nd7 13. Bg5 Bxg5 14. Nxg5 Rc8 15. c3 c5 16. Re1 b6 17. Qf3 Qa4 18. Kg2 Nf8 19. Kh2 Ng6 20. Re2 Rc7 21. dxc5 bxc5 22. Rc1 Ngxh4 23. gxh4 Qxh4+ 24. Nh3 g5 25. c4 g4 26. Qd3 Rg8 27. Rg1 dxc4 28. Qc3 cxb3 29. axb3 Rg6 0-1

[Event "FIDE WYCC Open U14 2023"]
[Site "Montesilvano"]
[Date "2023.11.23"]
[Round "10.21"]
[White "Nurgaliyev, Sauat"]
[Black "Sommer, Justus"]
[Result "1-0"]
[ECO "A06"]
[WhiteElo "2235"]
[BlackElo "2013"]
[Annotator "ChessBase"]
[PlyCount "53"]
[EventDate "2023.11.13"]
[EventType "swiss"]
[EventCountry "ITA"]
[SourceTitle "playchess.com"]
[Source "ChessBase"]
[SourceQuality "1"]
[TimeControl "40/5400+30:1800+30"]

1. Nf3 d5 2. g3 Nf6 3. Bg2 e6 4. O-O Be7 5. d3 O-O 6. Nbd2 b6 7. e4 dxe4 8. dxe4 Bb7 9. Qe2 c5 10. e5 Nd5 11. Rd1 Qc8 12. c4 Nb4 13. Ne4 Bc6 14. Bg5 Bxg5 15. Nfxg5 h6 16. a3 hxg5 17. axb4 cxb4 18. Nf6+ gxf6 19. exf6 e5 20. Rd6 Bxg2 21. Qh5 Qf5 22. Qh6 Qg6 23. Qxf8+ Kh7 24. Kxg2 a5 25. Rad1 a4 26. Rd8 Qxf6 27. Qg8+ 1-0

[Event "FIDE WYCC Open U14 2023"]
[Site "Montesilvano"]
[Date "2023.11.23"]
[Round "10.22"]
[White "Morkunas, Gustas"]
[Black "Brattgjerd, Isak Vinh"]
[Result "1-0"]
[ECO "B13"]
[WhiteElo "2052"]
[BlackElo "2235"]
[Annotator "RC"]
[PlyCount "93"]
[EventDate "2023.11.13"]
[EventType "swiss"]
[EventCountry "ITA"]
[SourceTitle "playchess.com"]
[Source "ChessBase"]
[SourceQuality "1"]
[TimeControl "40/5400+30:1800+30"]

1. e4 c6 2. d4 d5 3. exd5 cxd5 4. Bd3 Nc6 5. c3 Nf6 6. h3 e5 7. dxe5 Nxe5 8. Nf3 Nxd3+ 9. Qxd3 Bd6 10. O-O O-O 11. Bg5 h6 12. Bh4 g5 13. Bg3 Nh5 14. Bxd6 Qxd6 15. Nd4 Nf4 16. Qf3 Re8 17. Nd2 Bd7 18. Rfe1 a5 19. Re3 Re7 20. Rae1 Rae8 21. Nf1 a4 22. Ng3 Rxe3 23. Rxe3 a3 24. b3 Qg6 25. Rxe8+ Bxe8 26. Ngf5 Qf6 27. g3 Bd7 28. gxf4 Bxf5 29. Qxd5 Bb1 30. fxg5 Qxg5+ 31. Qxg5+ hxg5 32. Nb5 Bxa2 33. b4 Be6 34. Nxa3 Bxh3 35. Nc4 Be6 36. Nd6 Bd5 37. c4 Bc6 38. b5 Bf3 39. Kh2 Kf8 40. Kg3 g4 41. Kf4 Ke7 42. c5 Ke6 43. Nf5 Kd5 44. c6 Ke6 45. c7 Kd7 46. b6 Bd5 47. Ne7 1-0

[Event "FIDE WYCC Open U14 2023"]
[Site "Montesilvano"]
[Date "2023.11.23"]
[Round "10.23"]
[White "Panda, Barnabas"]
[Black "Gkavardinas, Antonios"]
[Result "0-1"]
[ECO "D37"]
[WhiteElo "1905"]
[BlackElo "2230"]
[Annotator "RC"]
[PlyCount "118"]
[EventDate "2023.11.13"]
[EventType "swiss"]
[EventCountry "ITA"]
[SourceTitle "playchess.com"]
[Source "ChessBase"]
[SourceQuality "1"]
[TimeControl "40/5400+30:1800+30"]

1. d4 d5 2. c4 e6 3. Nf3 Nf6 4. Nc3 Be7 5. Bf4 O-O 6. e3 Nbd7 7. c5 c6 8. Bd3 b6 9. b4 a5 10. a3 Ba6 11. O-O Qc8 12. Re1 Qb7 13. h3 Bxd3 14. Qxd3 Ra7 15. Reb1 axb4 16. axb4 Rfa8 17. Qd1 b5 18. Rxa7 Qxa7 19. Ne5 Nxe5 20. dxe5 Nd7 21. e4 Qc7 22. exd5 exd5 23. Qd4 Nf8 24. Bg3 Ne6 25. Qg4 g6 26. Ne2 h5 27. Qf3 Qd7 28. Qd3 h4 29. Bf4 Ra2 30. Be3 Qa7 31. f4 Ra3 32. Qd2 Ra1 33. Rxa1 Qxa1+ 34. Kh2 Qb1 35. Nd4 Nxd4 36. Qxd4 Qf5 37. Qa1 Qe6 38. Qa8+ Kg7 39. Qe8 g5 40. Kh1 gxf4 41. Bxf4 d4 42. Kg1 d3 43. Kh1 Qf5 44. Bd2 Bg5 45. Bxg5 Qxg5 46. e6 Qc1+ 47. Kh2 Qf4+ 48. Kg1 Qe3+ 49. Kh1 Qxe6 50. Qd8 Qd5 51. Qxh4 d2 52. Qg4+ Kf6 53. Qf4+ Ke6 54. Qg4+ Ke7 55. Qd1 Qd4 56. Qe2+ Kd8 57. Qd1 Qe3 58. Qh5 Qe1+ 59. Kh2 d1=Q 0-1